Map: Beckett Industries LE

Players

GirlFromAiur - Winner!

  • Race: Zerg Zerg
  • League: Master

Ugdog

  • Race: Terran Terran
  • League: Diamond

VOD

Have the link to the VOD?

Description

Time

  • Played on: Feb. 9, 2022, 6:21 a.m.
  • Length: 13:26
Show
View Real Time Build Order
Export as new Build Order

GirlFromAiur Zerg - Winner!

Build Orders: Hatch First 

Get SALT Encoding   

  12  0:00  Drone  
  13  0:12  Overlord  
  13  0:16  Drone  
  14  0:30  Drone x2  
  14  0:35  Drone  
  17  0:52  Hatchery  
  17  0:55  Drone  
  17  0:58  Drone  
  17  1:02  Extractor  
  17  1:15  Spawning Pool  
  17  1:18  Drone  
  17  1:21  Drone  
  18  1:28  Drone  
  19  1:40  Overlord  
  19  2:02  Zergling x2, Queen  
  19  2:03  Metabolic Boost  
  19  2:04  Queen  
  19  2:06  Zergling x2  
  25  2:09  Drone  
  25  2:11  Drone  
  27  2:18  Drone  
  28  2:24  Drone  
  28  2:26  Drone  
  30  2:34  Drone  
  30  2:35  Drone  
  31  2:45  Overlord  
  31  2:47  Drone  
  32  2:57  Hatchery  
  31  2:59  Zergling x4  
  33  3:05  Zergling x2  
  33  3:07  Queen  
  33  3:12  Zergling x6  
  39  3:17  Overlord  
  39  3:21  Zergling x2  
  39  3:24  Zergling x4  
  42  3:27  Drone  
  42  3:34  Zergling x2  
  44  3:36  Overlord  
  44  3:40  Zergling x4  
  46  3:45  Overlord  
  46  3:50  Zergling x6  
  46  3:53  Zergling x4  
  51  3:56  Drone  
  51  3:58  Drone  
  50  4:05  Zergling x4  
  50  4:09  Zergling x2  
  51  4:15  Zergling x4  
  47  4:20  Zergling x4  
  47  4:21  Drone x3  
  52  4:25  Drone x2  
  52  4:29  Overlord  
  54  4:35  Drone x2  
  56  4:39  Drone  
  56  4:43  Drone x2  
  57  4:47  Extractor, Lair  
  57  4:50  Queen  
  58  4:54  Drone x3  
  58  4:58  Drone x2  
  58  4:59  Drone  
  64  5:01  Drone  
  64  5:02  Drone  
  64  5:05  Zergling x4  
  64  5:06  Zergling x2  
  69  5:10  Drone x2  
  68  5:16  Zergling x6  
  64  5:22  Zergling x6  
  64  5:25  Overlord x2  
  64  5:27  Zergling x2  
  64  5:28  Extractor, Overlord  
  65  5:32  Zergling x2  
  66  5:38  Overlord x2  
  66  5:45  Zergling x8  
  66  5:46  Zergling x4  
  66  5:48  Zergling x2  
  73  5:51  Spire  
  73  5:55  Drone x3  
  75  6:02  Extractor, Zergling x12  
  75  6:03  Zergling x2  
  78  6:08  Zergling x6  
  78  6:09  Zergling x2  
  80  6:15  Drone  
  77  6:18  Drone  
  77  6:19  Spore Crawler  
  77  6:20  Drone  
  77  6:25  Drone  
  79  6:27  Extractor  
  79  6:30  Drone x2  
  79  6:31  Drone  
  81  6:41  Drone x4  
  81  6:45  Drone x4  
  81  6:46  Overlord x2  
  89  6:55  Overlord  
  89  6:57  Overseer  
  89  7:01  Extractor  
  89  7:03  Mutalisk x7  
  101  7:09  Mutalisk  
  101  7:11  Mutalisk  
  104  7:18  Mutalisk x2  
  104  7:20  Mutalisk  
  110  7:24  Mutalisk  
  110  7:32  Mutalisk, Overlord  
  110  7:34  Overlord  
  110  7:35  Zergling x2  
  110  7:36  Zergling x2  
  97  7:37  Zergling x2  
  97  7:38  Zergling x2  
  97  7:40  Zergling x2  
  97  7:41  Zergling x2  
  101  7:45  Mutalisk  
  101  7:47  Mutalisk  
  101  7:51  Drone x2  
  107  7:53  Drone  
  107  7:55  Drone x2  
  107  7:58  Drone x2  
  112  8:01  Mutalisk, Baneling Nest  
  112  8:03  Mutalisk  
  115  8:07  Zergling x2  
  115  8:08  Zergling x4  
  118  8:13  Mutalisk x2  
  118  8:15  Zergling x2  
  118  8:17  Zergling x4  
  118  8:19  Zergling x4  
  127  8:22  Overlord  
  127  8:33  Evolution Chamber x2  
  125  8:34  Zergling x4  
  125  8:35  Zergling x4  
  129  8:45  Zergling x6  
  129  8:46  Zergling x4  
  134  8:49  Baneling  
  134  8:50  Baneling x8  
  134  8:53  Centrifugal Hooks  
  134  8:56  Zergling x4  
  134  9:02  Hatchery  
  131  9:03  Zergling x6  
  131  9:08  Zergling x4  
  131  9:09  Zergling x4  
  136  9:14  Zergling x2  
  137  9:20  Zerg Melee Weapons Level 1, Zerg Ground Armor Level 1  
  137  9:21  Infestation Pit  
  136  9:25  Zerg Flyer Armor Level 1  
  136  9:27  Zergling x2  
  136  9:30  Overseer x2  
  137  9:34  Baneling  
  137  9:35  Baneling x15  
  137  9:40  Overlord x2  
  137  9:48  Overlord x2  
  137  9:58  Hive  
  137  10:00  Zergling x14  
  137  10:01  Drone  
  137  10:03  Drone  
  137  10:05  Drone  
  137  10:06  Drone x2  
  149  10:16  Baneling x6  
  149  10:17  Baneling x10  
  149  10:20  Extractor  
  146  10:21  Extractor  
  143  10:28  Zergling x2  
  143  10:29  Zergling x16  
  143  10:34  Baneling  
  143  10:35  Baneling x9  
  152  10:36  Zergling x2  
  152  10:40  Drone x3  
  156  10:44  Spine Crawler  
  156  10:47  Spore Crawler  
  156  10:48  Zergling x6  
  157  10:56  Zergling x12  
  157  10:57  Zergling x2  
  164  11:01  Overlord x2  
  164  11:10  Spore Crawler x2, Zergling x2  
  164  11:11  Zergling x10  
  163  11:14  Pneumatized Carapace  
  163  11:17  Zergling x6  
  167  11:25  Drone x4  
  161  11:32  Drone  
  160  11:34  Drone x2  
  160  11:37  Drone x2  
  129  12:01  Zergling x14  
  123  12:02  Zergling x16  
  132  12:11  Zergling x2  
  132  12:12  Zergling x4  
  132  12:15  Drone x3  
  136  12:21  Zergling x2  
  137  12:28  Ultralisk Cavern  
  131  12:34  Mutalisk x4  
  131  12:35  Mutalisk  
  131  12:37  Hatchery  
  131  12:43  Zergling x10  
  133  12:45  Baneling x4  
  133  12:46  Baneling x2  
  133  12:47  Baneling, Hatchery  
  133  12:48  Baneling x3  
  133  12:49  Baneling  
  127  12:52  Drone x2  
  127  12:53  Drone x2  
Show
View Real Time Build Order
Export as new Build Order

Ugdog Terran 

Build Orders: Reaper Expand 

Get SALT Encoding   

  12  0:00  SCV  
  13  0:12  SCV  
  14  0:17  Supply Depot  
  14  0:24  SCV  
  15  0:38  SCV  
  15  0:39  Barracks  
  16  0:43  Refinery  
  16  0:51  SCV  
  17  1:03  SCV  
  18  1:15  SCV  
  19  1:27  Reaper, Orbital Command  
  20  1:39  Command Center  
  20  1:49  Supply Depot  
  20  1:53  SCV  
  21  1:59  Marine  
  22  2:05  SCV  
  23  2:13  Factory  
  23  2:16  Refinery  
  23  2:17  SCV  
  23  2:20  Barracks Reactor  
  24  2:36  SCV  
  25  2:48  SCV  
  26  2:52  Orbital Command  
  26  3:01  Starport  
  26  3:02  SCV  
  27  3:07  Barracks Tech Lab  
  27  3:11  Hellion x2  
  31  3:14  SCV  
  32  3:20  SCV  
  34  3:27  SCV, Stimpack  
  34  3:28  Marine  
  35  3:35  SCV  
  35  3:37  Hellion x2  
  35  3:39  SCV  
  40  3:51  Viking  
  40  3:52  Marine  
  43  3:58  Hellion  
  45  4:05  Hellion  
  39  4:16  Orbital Command  
  35  4:17  SCV  
  35  4:19  Hellion  
  38  4:27  Hellion  
  38  4:30  SCV  
  41  4:32  Marine, Barracks x2  
  41  4:33  Viking  
  44  4:42  SCV  
  45  4:47  SCV  
  46  4:59  Command Center  
  46  5:00  Supply Depot  
  46  5:15  SCV  
  46  5:18  Hellion  
  43  5:24  Marine, Hellion  
  47  5:28  Liberator  
  47  5:32  SCV x2  
  52  5:37  Orbital Command  
  52  5:39  Barracks Tech Lab, Barracks Reactor  
  50  5:43  Barracks x2  
  50  5:44  SCV  
  50  5:48  Hellion  
  53  6:01  Hellion  
  50  6:09  Supply Depot, Hellion  
  46  6:11  Orbital Command  
  46  6:12  Orbital Command  
  46  6:23  Hellion  
  48  6:28  Liberator  
  48  6:31  Marine  
  48  6:32  Marine x3  
  55  6:33  Marine  
  55  6:34  Marine  
  57  6:46  SCV x2  
  59  6:48  SCV  
  59  6:49  Marine x2  
  59  6:50  Marine x2  
  59  6:51  Marine x2  
  65  6:58  SCV x2  
  65  7:01  Supply Depot x2  
  67  7:04  Supply Depot  
  67  7:07  Marine x2  
  69  7:19  Orbital Command  
  69  7:22  Marine x4  
  73  7:25  Marine x2  
  75  7:33  Orbital Command  
  69  7:41  Marauder  
  71  7:46  SCV x2  
  71  7:48  Supply Depot  
  71  7:49  Supply Depot x2  
  73  7:54  Barracks Reactor  
  73  7:55  Barracks Reactor  
  74  7:58  SCV  
  74  7:59  SCV x2  
  73  8:05  Marine  
  73  8:06  Marine x3  
  73  8:10  SCV  
  73  8:11  SCV  
  78  8:20  Widow Mine x2  
  78  8:23  Marine x4  
  78  8:26  SCV x2  
  84  8:31  Marine x4  
  88  8:35  SCV, Refinery  
  88  8:38  Refinery  
  88  8:41  Marine x3  
  89  8:42  Widow Mine x2  
  89  8:43  Starport Reactor  
  89  8:44  SCV x2  
  89  8:47  Engineering Bay  
  98  8:48  SCV  
  98  8:50  Marine x3  
  98  8:52  Marine  
  98  8:53  Marine  
  95  9:05  SCV  
  95  9:06  SCV, Marine x2  
  99  9:15  Marine x4  
  103  9:31  Missile Turret  
  103  9:32  Missile Turret  
  103  9:34  SCV x3  
  103  9:36  Marine  
  103  9:37  Barracks Reactor  
  103  9:38  Missile Turret x2  
  108  9:39  Marine  
  109  9:46  Missile Turret, Barracks Reactor x2  
  109  9:49  Marine  
  109  9:50  Marine x2  
  111  9:54  Marine  
  111  9:57  Marine  
  111  9:59  SCV x3  
  116  10:17  Widow Mine  
  116  10:19  Widow Mine  
  110  10:27  SCV x3  
  100  10:35  Marine x9  
  105  10:39  SCV x2  
  105  10:41  SCV  
  112  10:51  SCV x2  
  112  10:52  Marine  
  112  10:53  SCV  
  116  10:59  Combat Shield  
  116  11:03  SCV  
  117  11:25  Orbital Command  
  117  11:45  SCV, Marine  
  117  11:46  Marine x6  
  117  11:47  SCV, Medivac  
  83  11:59  SCV, Marine  
  83  12:00  Marine  
  71  12:03  Marine x2  
  71  12:04  Marine x2  
  71  12:06  Marine  
  71  12:07  Marine x2  
  61  12:13  Widow Mine x2  
  43  12:17  Marine x2, Orbital Command  
  43  12:21  Marine x2  
  43  12:22  Marine x2  
  40  12:34  Marine x3  
  40  12:35  Marine x2  
  34  12:38  SCV  
  34  12:45  Marine x2  
  34  12:46  Orbital Command  
  34  12:47  SCV  
  34  12:50  SCV  
  34  12:56  Marine  
  33  13:01  Marine  
  33  13:03  SCV  
  35  13:06  Marine  
  35  13:11  SCV  
Tags
 
Add a new tag
Caveats
  • Supply blocks, unpowered buildings, or Contaminate may cause inaccurate times.
  • Supply counts are checked every 10 seconds.